 Dungeon Crawl Stone Soup version 0.31-a0-840-g6d2ecbb638 (webtiles) character file.

Game seed: 10918561823222538328

127 BritishOli the Trooper (level 4, 0/37 HPs)
             Began as a Demonspawn Fighter on Sept 27, 2023.
             Killed by divine providence
             ... invoked by an orc priest
              (16 damage)
             ... on level 3 of the Dungeon.
             The game lasted 00:02:01 (1638 turns).

BritishOli the Trooper (Demonspawn Fighter)         Turns: 1638, Time: 00:02:01

Health: 0/37       AC:  6    Str: 19    XL:     4   Next: 85%
Magic:  4/4        EV:  9    Int:  9    God:
Gold:   189        SH:  4    Dex: 12    Spells: 3/3 levels left

rFire   . . .        a - +0 war axe
rCold   . . .        c - +0 buckler
rNeg    . . .        b - +0 scale mail
rPois   .            (helmet restricted)
rElec   .            (no cloak)
rCorr   +            (no gloves)
SInv    .            (no boots)
Will    .....        (no amulet) Stlth
                     h - ring of resist corrosion
HPRegen 0.26/turn    (no ring)
MPRegen 0.09/turn

%: no passive effects
@: no status effects
A: claws 1, horns 1
a: no special abilities


You were on level 3 of the Dungeon.
You visited 1 branch of the dungeon, and saw 3 of its levels.

You collected 211 gold pieces.
You spent 22 gold pieces at shops.

Inventory:

Hand Weapons
 a - a +0 war axe (weapon)
Armour
 b - a +0 scale mail (worn)
 c - a +0 buckler (worn)
Jewellery
 h - a ring of resist corrosion (left claw)
 i - an amulet of faith
Scrolls
 f - a scroll of identify
Potions
 d - a potion of might
 e - 2 potions of berserk rage {unknown}
 j - a potion of enlightenment {unknown}
 k - 2 potions of curing {unknown}
 n - 3 potions of heal wounds {unknown}
 o - a potion of mutation {unknown}


   Skills:
 + Level 4.0 Fighting
 - Level 2.4 Axes
 + Level 3.6 Armour
 - Level 3.2 Shields


You had 3 spell levels left.
You didn't know any spells.
Your spell library contained the following spells:

 Spells                   Type           Power      Damage    Failure   Level
 Cigotuvi's Dreadful Rot  Necr/Pois/Air  0%         N/A       92%         2
 Dispel Undead            Necr           0%         3d6       100%        4
 Death Channel            Necr           0%         N/A       100%        6


Dungeon Overview and Level Annotations

Branches:
Dungeon (3/15)

Altars:

Shops:
D:1 ?

Annotations:
D:3 Grinder, Robin


Innate Abilities, Weirdness & Mutations

You have sharp fingernails.
You have a pair of small horns on your head.


Message History

You climb downwards.
Level annotation: Grinder, Robin
There is a stone staircase leading up here.
The orc wizard hits you but does no damage.
You climb upwards.
There is a stone staircase leading down, spattered with blood here.
You hit the orc wizard. Your headbutt misses the orc wizard.
The orc wizard is lightly wounded.
The orc wizard hits you but does no damage.
You slash the orc wizard! You headbutt the orc wizard.
You kill the orc wizard!
Your Fighting skill increases to level 4!
No target in view!
No target in view!
No target in view!
You climb downwards.
Level annotation: Grinder, Robin
There is a stone staircase leading up here.
The orc shouts!
The orc priest barely misses you.
You closely miss the orc priest.
The orc priest invokes the aid of Beogh against you.
Pain shoots through your body!
You barely miss the orc priest. You headbutt the orc priest.
The orc priest is heavily wounded.
The orc priest hits you but does no damage.
The orc priest calls down the wrath of Beogh upon you.
Pain shoots through your body!
You are too injured to fight recklessly!
You are too injured to fight recklessly!
You are too injured to fight recklessly!
You are too injured to fight recklessly!
You are too injured to fight recklessly!
You are too injured to fight recklessly!
You hit the orc priest.
The orc priest is heavily wounded.
The orc hits you with a +0 falchion.
The orc priest invokes the aid of Beogh against you.
Beogh smites you!
You die...

o...# ....... .#..
...$.#.# ... ....... ...
...... #o# #...# #.#
#...# ##.#.##.###.#.#
......"....o#.#
#######.###@#.## ## ###
#.o.>## #... ...
#.....#.....###...
#.....^.....#.....
#<....#.#.#.#.....
#....##.# ........
#.#.###.# #(#.....
#.#.###.# #.#.....
#######.......###.#.....


You could see an orc priest and an orc.

Vanquished Creatures
  An orc wizard (D:2)
  2 adders (D:2)
  3 worms
  A dart slug (D:2)
  3 orcs
  3 ball pythons
  4 bats
  8 endoplasms
  4 giant cockroaches (D:2)
  10 goblins
  4 hobgoblins
  6 jackals
  2 kobolds
  5 quokkas
  A frilled lizard (D:2)
  4 rats
61 creatures vanquished.

Notes
Turn   | Place    | Note
-------+----------+-------------------------------------------
     0 | D:1      | BritishOli the Demonspawn Fighter began the quest for the
                  | Orb.
     0 | D:1      | Reached XP level 1. HP: 18/18 MP: 1/1
   210 | D:1      | Found Meny's Magic Scroll Boutique.
   219 | D:1      | Bought a scroll of identify for 22 gold pieces
   265 | D:1      | Discovered your monstrous ancestry.
   265 | D:1      | Gained mutation: You have sharp fingernails. [demonic
                  | ancestry]
   265 | D:1      | Reached XP level 2. HP: 12/24 MP: 2/2
   745 | D:2      | Gained mutation: You have a pair of small horns on your
                  | head. [demonic ancestry]
   745 | D:2      | Reached XP level 3. HP: 21/29 MP: 3/3
  1210 | D:2      | Reached XP level 4. HP: 31/35 MP: 4/4
  1534 | D:3      | Noticed Robin
  1536 | D:3      | Noticed Grinder
  1630 | D:2      | Reached skill level 4 in Fighting
  1638 | D:3      | Killed from afar by an orc priest

Illustrated notes

Levels and vault maps discovered:
D:1:      evilmike_arrival_plus, layout_rooms, serial_shops, shop,
          serial_curves, eino_curves_02, eino_curves_04, solitary_fountain,
          dreamdust_wishing_well
D:2:      minmay_wonky_spiral, layout_basic
D:3:      layout_loops_ring, marbit_many_paths, uniq_robin, uniq_grinder,
          uniq_ijyb, uniq_jessica, uniq_crazy_yiuf_cottage

Skill      XL: |  1  2  3  4 |
---------------+-------------+-----
Axes           | 2 |  2.4
Armour         | 3 |  3.6
Shields        | 3 |  3.2
Fighting       | 4 |  4.0

Action                     |  1- 3 |  4- 6 || total
---------------------------+-------+-------++-------
  Melee: War axe           |   115 |    44 ||   159
         Headbutt          |     9 |     8 ||    17
    Use: Scroll            |       |     4 ||     4
 Armour: Scale mail        |   103 |    39 ||   142
  Dodge: Dodged            |    53 |    30 ||    83
  Block: Buckler           |    28 |    14 ||    42

Table legend: (Time is in decaauts)
 A = Elapsed time spent in this place.
 B = Non-inter-level travel time spent in this place.
 C = Inter-level travel time spent in this place.
 D = Time resting spent in this place.
 E = Time spent auto-exploring this place.
 F = Levels seen in this place.
 G = Mean time per level.
                   A        B        C        D        E       F      G
               +--------+--------+--------+--------+--------+-----+--------+
         Total |   1710 |   1672 |     38 |      5 |   1248 |   3 |  570.0 |
       Dungeon |   1710 |   1672 |     38 |      5 |   1248 |   3 |  570.0 |
               +--------+--------+--------+--------+--------+-----+--------+

Top non-repeatable levels by time:
     D:2: 803 daAuts
     D:1: 704 daAuts
     D:3: 202 daAuts
